 Dungeon Sprint DCSS version 0.17.1-3-g152610e (webtiles) character file.

1500000 Groucho the Imperceptible (level 15, -20/122 HPs)
             Began as an Octopode Assassin on Apr 27, 2016.
             Was a Follower of Makhleb.
             Demolished by a meat berserker
             ... wielding a +9 battleaxe
              (63 damage)
             ... in the Dungeon (Sprint VIII: "Arena of Blood").
             The game lasted 00:01:00 (15 turns).

Groucho the Imperceptible (Octopode Assassin)         Turns: 15, Time: 00:01:00

Health: -20/122    AC:  1    Str: 10    XL:     15   Next: 66%
Magic:  15/15      EV: 33    Int: 15    God:    Makhleb [*.....]
Gold:   0          SH:  0    Dex: 19    Spells: 0 memorised, 14 levels left

rFire  . . .     SeeInvis .     l - +∞ Axe of Woe
rCold  . . .     Clarity  .     (shield currently unavailable)
rNeg   . . .     SustAt   .     (helmet restricted)
rPois  .         Gourm    .     (no amulet)
rElec  .         Spirit   .     m - +30 ring of slaying
rCorr  .         Warding  .     (no ring)
rMut   .         NoTele   +     (no ring)
MR     +....                    (no ring)
Stlth  ++++++++++               (no ring)
                                (no ring)
                                (no ring)
                                (no ring)

@: somewhat resistant to hostile enchantments, uncannily stealthy
A: almost no armour, amphibious, 8 rings, constrict 8, camouflage 1, gelatinous
body 1
a: Renounce Religion


You were in the Dungeon.
You worshipped Makhleb.
Makhleb was aware of your devotion.
You were not hungry.

You visited 1 branch

Inventory:

Hand Weapons
 a - a +2 dagger
 b - a +0 blowgun
 l - the +∞ Axe of Woe (weapon)
   (You found it in the Dungeon)
Missiles
 c - 8 poisoned needles
 d - 2 curare-tipped needles
Jewellery
 m - a +30 ring of slaying (left tentacle)
Scrolls
 k - a scroll of blinking
Potions
 f - a potion of curing
 g - a potion of heal wounds
 h - a potion of haste
 i - 2 potions of magic
 j - a potion of berserk rage
Comestibles
 e - a bread ration


   Skills:
 + Level 17.9 Fighting
 - Level 2.0 Short Blades
 * Level 23.8 Axes
 - Level 2.0 Throwing
 * Level 23.8 Dodging
 + Level 23.9 Stealth


You had 14 spell levels left.
You didn't know any spells.

Dungeon Overview and Level Annotations

Branches:
Dungeon (1/1)

Altars:
Makhleb


Innate Abilities, Weirdness & Mutations

You cannot wear most types of armour.
You are amphibious.
You can wear up to eight rings at the same time.
You can use your tentacles to constrict eight enemies at once.
Your skin changes colour to match your surroundings (Stealth).
Your rubbery body absorbs attacks (AC +1).


Message History

A meat berserker comes into view. It is wielding a +9 battleaxe.
There is a staircase leading out of the dungeon here.
You slice the meat berserker!!
You hew the meat berserker savagely.
You kill the meat berserker!
Makhleb accepts your kill.
You can now gain health from killing.
Your Fighting skill increases to level 17!
Your Axes skill gained 2 levels and is now at level 23!
Your Dodging skill gained 2 levels and is now at level 23!
Your Stealth skill gained 2 levels and is now at level 23!
You have reached level 15!
Your experience leads to an increase in your attributes!
Increase (S)trength, (I)ntelligence, or (D)exterity?
You feel agile.
You feel clever.
You hear a shout! x8
A bag of meat comes into view. It is wielding a +9 war axe.
A meat berserker comes into view. It is wielding a +9 battleaxe.
You hear a shout! x9
The meat berserker hits you with a +9 battleaxe!!!
Ouch! That really hurt!
You die...

.. .. .. ...
#.. ..# #.. ..#
. .###..
..###O.
......###......
......._.......
....#..)..#....
. #_.<@_# .
#....O#
......._o......
.....o###.o..o.
.###.. ..###..
#.. ..# . #..
..# .. .o. ..
..


You could see 2 meat berserkers and 5 bags of meat.

Vanquished Creatures
  3 ogres (D)
3 creatures vanquished.

Notes
Turn   | Place    | Note
--------------------------------------------------------------
     0 | D        | Groucho the Octopode Assassin began the quest for the Orb.
     0 | D        | Reached XP level 1. HP: 14/14 MP: 1/1
     3 | D        | Noticed a bag of meat
     3 | D        | Noticed a meat berserker
     4 | D        | Noticed a bag of meat
     5 | D        | Killed a meat berserker
     5 | D        | Reached skill level 14 in Fighting
     5 | D        | Reached skill level 18 in Axes
     5 | D        | Reached skill level 19 in Dodging
     5 | D        | Reached XP level 2. HP: 16/37 MP: 2/2
     5 | D        | Reached XP level 3. HP: 18/43 MP: 3/3
     5 | D        | Reached XP level 4. HP: 20/49 MP: 4/4
     5 | D        | Reached XP level 5. HP: 22/54 MP: 5/5
     5 | D        | Reached XP level 6. HP: 24/61 MP: 6/6
     5 | D        | Reached XP level 7. HP: 25/66 MP: 7/7
     5 | D        | Reached XP level 8. HP: 27/72 MP: 8/8
     5 | D        | Reached XP level 9. HP: 29/78 MP: 9/9
     5 | D        | Reached XP level 10. HP: 31/84 MP: 10/10
     5 | D        | Reached XP level 11. HP: 33/90 MP: 11/11
     5 | D        | Reached XP level 12. HP: 35/96 MP: 12/12
     5 | D        | Reached XP level 13. HP: 36/101 MP: 13/13
     6 | D        | Became a worshipper of Makhleb the Destroyer
     7 | D        | Noticed a meat berserker
    10 | D        | Noticed a bag of meat
    10 | D        | Noticed a meat berserker
    11 | D        | Noticed a bag of meat
    11 | D        | Noticed a bag of meat
    12 | D        | Killed a meat berserker
    12 | D        | Reached skill level 21 in Axes
    12 | D        | Reached XP level 14. HP: 40/112 MP: 14/14
    14 | D        | Noticed a meat berserker
    14 | D        | Killed a meat berserker
    14 | D        | Reached * piety under Makhleb
    14 | D        | Reached skill level 23 in Axes
    14 | D        | Reached XP level 15. HP: 42/122 MP: 15/15
    15 | D        | Noticed a bag of meat
    15 | D        | Noticed a meat berserker
    15 | D        | Demolished by a meat berserker

Action                   |  1- 3 |  4- 6 |  7- 9 | 10-12 | 13-15 || total
-------------------------+-------+-------+-------+-------+-------++-------
Melee: Executioner's axe |     1 |       |       |       |     2 ||     3
